 Dungeon Crawl Stone Soup version 0.20-a0-1043-gbd57889 (webtiles) character file.

15373 Lochraine the Basher (level 12, 0/77 HPs)
             Began as a Gargoyle Gladiator on Apr 24, 2017.
             Was a High Priest of Uskayaw.
             Killed from afar by a frost giant (12 damage)
             ... with a bolt of cold
             ... in an ice cave.
             The game lasted 00:27:24 (10340 turns).

Lochraine the Basher (Gargoyle Gladiator)          Turns: 10340, Time: 00:27:25

Health: 0/77       AC: 25    Str: 22    XL:     12   Next: 26%
Magic:  18/18      EV:  8    Int: 10    God:    Uskayaw [*****.]
Gold:   733        SH:  6    Dex: 11    Spells: 11/11 levels left

rFire    + . .     SeeInvis .   I - +1 morningstar (flame)
rCold    + + .     Gourm    .   j - +2 buckler
rNeg     + . .     Faith    .   N - +0 plate armour
rPois    ∞         Spirit   .   c - +0 helmet
rElec    +         Reflect  .   u - scarf {rC+}
rCorr    .         Harm     .   z - +0 pair of gloves
MR       .....                  (no boots)
Stlth    ..........             (no amulet)
Regen    0.3/turn               l - ring of protection from cold
MPRegen  0.2/turn               s - ring of protection from fire

@: no status effects
A: negative energy resistance 1, electricity resistance, unbreathing,
petrification resistance, rot immunity, AC +8
a: Stomp, Line Pass, Grand Finale, Renounce Religion


You were in an ice cave.
You worshipped Uskayaw.
Uskayaw was aware of your devotion.
You were not hungry.

You visited 2 branches of the dungeon, and saw 11 of its levels.
You also visited: Ice Cave.

You collected 733 gold pieces.

Inventory:

Hand Weapons
 a - a +0 flail
 I - a +1 morningstar of flaming (weapon)
 M - a +2 dire flail of freezing
Missiles
 d - 2 throwing nets (quivered)
Armour
 c - a +0 helmet (worn)
 j - a +2 buckler (worn)
 u - a scarf of cold resistance (worn)
 z - a +0 pair of gloves (worn)
 H - a +0 cloak
 N - a +0 plate armour (worn)
Jewellery
 l - a ring of protection from cold (left hand)
 s - a ring of protection from fire (right hand)
 P - an uncursed ring of protection from fire
Wands
 y - a wand of confusion (13/48)
 A - a wand of flame (22/48)
 F - a wand of acid (5/15)
 L - a wand of disintegration (16/24)
 R - a wand of lightning (9/15)
 S - a wand of paralysis (6/24)
Scrolls
 g - 3 scrolls of fog
 h - 5 scrolls of teleportation
 i - 8 scrolls of identify
 n - a scroll of silence {unknown}
 r - a scroll of magic mapping
 t - 2 scrolls of fear
 w - a scroll of recharging
 B - 3 scrolls of remove curse
Potions
 k - 3 potions of mutation
 o - a potion of haste
 q - 3 potions of flight
 v - 5 potions of curing
 x - a potion of ambrosia
 C - 2 potions of brilliance
 E - 2 potions of agility {unknown}
 G - 4 potions of lignification {unknown}
 J - a potion of degeneration {unknown}
 O - a potion of magic {unknown}
Books
 e - Sif Muna's Almanac of Ensnaring Fire
   (You found it on level 7 of the Dungeon)

   Spells                             Type                      Level
   a - Ignite Poison                  Fire/Transmutation/Poison    3
   b - Cause Fear                     Hexes                        4
   c - Summon Mana Viper              Hexes/Summoning              5
 K - a book of Changes

   Spells                             Type                      Level
   a - Beastly Appendage              Transmutation                1
   b - Sticks to Snakes               Transmutation                2
   c - Spider Form                    Transmutation/Poison         3
   d - Ice Form                       Ice/Transmutation            4
   e - Blade Hands                    Transmutation                5
Miscellaneous
 D - a lamp of fire (inert)
Comestibles
 b - a royal jelly
 f - 13 bread rations
 m - 7 fruits
 p - 2 meat rations
 Q - 22 chunks of flesh


   Skills:
 + Level 9.7 Fighting
 * Level 12.6 Maces & Flails
 - Level 1.7 Throwing
 + Level 9.4 Armour
 - Level 2.4 Dodging
 - Level 4.0 Shields
 + Level 8.9 Invocations


You had 11 spell levels left.
You didn't know any spells.

Dungeon Overview and Level Annotations

Branches:
Dungeon (10/15)            Temple (0/1) D:7            Lair (1/6) D:8
    Orc: D:9-12

Altars:
Dithmenos
Hepliaklqana
Nemelex Xobeh
Okawaru
Qazlal
Ru
Sif Muna
Trog
Uskayaw
Vehumet
Wu Jian

Annotations:
D:2 1 runed door


Innate Abilities, Weirdness & Mutations

You are resistant to torment.
Your stone body is resilient. (AC +8)
You are immune to poison.
You resist negative energy. (rN+)
You are resistant to electric shocks. (rElec)
You can survive without breathing.
You are immune to petrification.
You are immune to rotting.


Message History

Aim the lamp in which direction?
Press: ? - help, Dir - move target cursor, f - frost giant
Aim: a frost giant, wielding a battleaxe of freezing (moderately wounded)
The flames dance!
The trail of fire hits the frost giant.
The frost giant is moderately wounded.
The frost giant is engulfed in blazing flames.
The frost giant hits you with a battleaxe of freezing!
You hit the frost giant. You burn the frost giant.
The frost giant is heavily wounded.
The frost giant is engulfed in blazing flames.
The frost giant hits you with a battleaxe of freezing!
* * * LOW HITPOINT WARNING * * *
The frost giant freezes you.
* * * LOW HITPOINT WARNING * * *
Okay, then.
Unknown command.
The frost giant is engulfed in blazing flames.
The frost giant casts a spell at you. The bolt of cold hits you! You resist.
You die...

##########
#######...##CY.#
#..#...##.@.##...#
###### #..########
†...#
≈#≈≈.#####..# ....
≈≈≈#≈..##..## ...
#≈≈≈##...### .#
##≈≈≈##### #
≈≈≈≈#≈≈# ≈≈≈≈≈≈≈≈≈
##≈≈≈≈≈≈≈


You could see a frost giant and a yak.

Vanquished Creatures
  Sonja (D:10)
  Nergalle (D:10)
  The ghost of Shinoi the Destroyer, a novice DgCj (D:7)
  Pikel (D:4)
  A manticore (D:10)
  A black mamba (Lair:1)
  2 komodo dragons (Lair:1)
  3 trolls
  Grinder (D:3)
  15 polar bears (IceCv)
  2 hippogriffs
  A vampire (D:10)
  Sigmund (D:2)
  17 yaks
  Grum (Lair:1)
  Menkaure (D:5)
  An ice beast (D:5)
  2 sky beasts
  A slave (D:4)
  A phantom (D:5)
  A black bear (D:10)
  3 ogres
  A centaur (D:7)
  15 wolves
  Blork the orc (D:5)
  9 bullfrogs
  A wyvern zombie (D:8)
  2 scorpions
  6 killer bees (D:7)
  10 wights
  4 crimson imps
  A bullfrog zombie (D:6)
  3 hounds
  A quasit (D:10)
  3 jellies
  3 orc priests
  A centaur zombie (D:7)
  2 centaur skeletons
  A bullfrog skeleton (D:10)
  15 orc wizards
  Jessica (D:3)
  5 worker ants
  A worker ant zombie (D:6)
  Robin (D:3)
  A gnoll (D:6)
  14 adders
  3 shadow imps
  3 oozes
  An adder skeleton (D:5)
  A worm (D:2)
  3 dart slugs (D:1)
  7 leopard geckos
  44 orcs
  5 giant cockroaches
  13 goblins
  5 hobgoblins
  20 jackals
  9 kobolds
  4 quokkas
  4 ball pythons
  5 bats
  13 frilled lizards
  A giant cockroach zombie (D:5)
  2 leopard gecko skeletons (D:5)
  A leopard gecko zombie (D:8)
  A quokka skeleton (D:7)
  A quokka zombie (D:9)
  8 rats
315 creatures vanquished.

Vanquished Creatures (others)
  A polar bear (IceCv)
  2 slaves (D:4)
  2 wolves (IceCv)
  An iguana (D:4)
  A worker ant (D:4)
7 creatures vanquished.

Grand Total: 322 creatures vanquished

Notes
Turn   | Place    | Note
-------+----------+-------------------------------------------
     0 | D:1      | Lochraine the Gargoyle Gladiator began the quest for the Orb.
     0 | D:1      | Reached XP level 1. HP: 12/12 MP: 1/1
   359 | D:1      | Reached skill level 1 in Armour
   359 | D:1      | Reached XP level 2. HP: 18/18 MP: 2/2
   750 | D:1      | Reached XP level 3. HP: 21/22 MP: 3/3
   974 | D:2      | Reached skill level 4 in Maces & Flails
  1022 | D:2      | Reached XP level 4. HP: 19/27 MP: 4/4
  1092 | D:2      | Found a hide-covered altar of Uskayaw.
  1122 | D:2      | Became a worshipper of Uskayaw the Reveler
  1132 | D:2      | Noticed Sigmund
  1137 | D:2      | Reached * piety under Uskayaw
  1148 | D:2      | Killed Sigmund
  1148 | D:2      | Reached skill level 5 in Maces & Flails
  1148 | D:2      | Reached XP level 5. HP: 31/32 MP: 5/5
  1148 | D:2      | Reached ** piety under Uskayaw
  1231 | D:2      | Reached XP level 6. HP: 37/37 MP: 6/6
  1356 | D:2      | Found a runed door.
  1391 | D:2      | Found a radiant altar of Vehumet.
  1710 | D:3      | Noticed Jessica
  1714 | D:3      | Killed Jessica
  1717 | D:3      | Noticed Grinder
  1719 | D:3      | Reached *** piety under Uskayaw
  1727 | D:3      | Paralysed by Grinder for 7 turns
  2049 | D:3      | Reached skill level 1 in Invocations
  2219 | D:3      | Reached skill level 1 in Shields
  2224 | D:3      | Noticed Robin
  2246 | D:3      | Killed Robin
  2437 | D:3      | Reached XP level 7. HP: 43/43 MP: 8/8
  2615 | D:3      | Found a faded altar of an unknown god.
  2689 | D:3      | Paralysed by Grinder for 7 turns
  2697 | D:3      | Killed Grinder
  2697 | D:3      | Reached skill level 6 in Maces & Flails
  3056 | D:4      | Noticed Pikel
  3092 | D:4      | Killed Pikel
  3092 | D:4      | Reached skill level 5 in Fighting
  3092 | D:4      | Reached skill level 7 in Maces & Flails
  3092 | D:4      | Reached XP level 8. HP: 37/49 MP: 8/10
  3345 | D:4      | Found a sacrificial altar of Ru.
  3417 | D:4      | Found an ornate altar of the Wu Jian Council.
  3539 | D:4      | Found a sparkling altar of Nemelex Xobeh.
  3671 | D:5      | Entered Level 5 of the Dungeon
  3737 | D:5      | Noticed Menkaure
  3752 | D:5      | Killed Menkaure
  4408 | D:5      | Reached skill level 5 in Armour
  4408 | D:5      | Reached XP level 9. HP: 50/54 MP: 12/12
  4712 | D:5      | Noticed Blork the orc
  4716 | D:5      | Killed Blork the orc
  4823 | D:5      | Reached skill level 8 in Maces & Flails
  5216 | D:6      | Reached **** piety under Uskayaw
  5254 | D:6      | Found a bloodstained altar of Trog.
  5791 | D:7      | Identified Sif Muna's Almanac of Ensnaring Fire
  5807 | D:7      | Reached skill level 5 in Invocations
  5958 | D:7      | Found a shadowy altar of Dithmenos.
  6002 | D:7      | Reached skill level 9 in Maces & Flails
  6060 | D:7      | Noticed Shinoi's ghost (novice DgCj)
  6086 | D:7      | Killed Shinoi's ghost
  6086 | D:7      | Reached XP level 10. HP: 22/63 MP: 12/14
  6858 | D:7      | Found a staircase to the Ecumenical Temple.
  7402 | D:8      | Reached skill level 10 in Maces & Flails
  7580 | D:8      | Found a hazy altar of Hepliaklqana.
  7701 | D:8      | Found a staircase to the Lair.
  8020 | D:9      | Found a deep blue altar of Sif Muna.
  8103 | D:9      | Found an iron altar of Okawaru.
  8140 | D:9      | Found a stormy altar of Qazlal.
  8297 | D:10     | Entered Level 10 of the Dungeon
  8297 | D:10     | Noticed Nergalle
  8315 | D:10     | Killed Nergalle
  8383 | D:10     | Reached XP level 11. HP: 60/68 MP: 16/16
  8926 | D:10     | Noticed a manticore
  8941 | D:10     | Killed a manticore
  8941 | D:10     | Reached skill level 11 in Maces & Flails
  9052 | D:10     | Noticed Sonja
  9054 | D:10     | Killed Sonja
  9383 | Lair:1   | Entered Level 1 of the Lair of Beasts
  9414 | Lair:1   | Noticed Grum
  9431 | Lair:1   | Killed Grum
  9442 | Lair:1   | Reached ***** piety under Uskayaw
  9457 | Lair:1   | Found a frozen archway.
  9499 | IceCv    | Entered an ice cave
 10172 | IceCv    | Reached skill level 12 in Maces & Flails
 10212 | IceCv    | Reached ****** piety under Uskayaw
 10219 | IceCv    | Reached XP level 12. HP: 58/76 MP: 18/18
 10310 | IceCv    | Noticed a frost giant
 10340 | IceCv    | Killed from afar by a frost giant

Vault maps used:
D:1:      dpeg_arrival_renting, minmay_misc_feat_plants, minivault_19,
          minmay_misc_feat_chi, dk_noncrumbling_3, minmay_strange_pillars
D:2:      vehumet_crystals, eat_drink_and_be_merry_uskayaw, first_bread,
          uniq_crazy_yiuf_cottage, uniq_sigmund
D:3:      chequers_ecumenical_altar_simple, uniq_robin, uniq_jessica,
          uniq_grinder
D:4:      kennysheep_mini_moat, marbit_many_paths, nemelex_diamond_rough_becter,
          uniq_pikel
D:5:      kennysheep_generic_room_2, uniq_blork_the_orc, uniq_menkaure
D:6:      lightli_temple_of_fire, kennysheep_potato
D:7:      minmay_temple_entry_fiery, grunt_dithmenos_smoke_and_mirrors
D:8:      lemuel_crystal_altar, lair_entry_dummy
D:9:      okawaru_ov_weapons_minmay, lemuel_round_altar, led_sif_book
D:10:     uniq_nergalle, uniq_sonja
Lair:1:   portal_ice_cave_entry_pillars_1, serial_bayou_crossing, uniq_grum,
          uniq_gastronok
IceCv:    ice_cave_caverns_03

Skill      XL: |  1  2  3  4  5  6  7  8  9 10 11 |
---------------+----------------------------------+-----
Armour         | 1 2 3 4 5 6 7 9 |  9.4
Maces & Flails | 4 5 7 9 10 12 | 12.6
Fighting       | 3 4 5 7 8 9 |  9.7
Invocations    | 1 3 4 5 7 8 |  8.9
Shields        | 1 2 4 |  4.0
Throwing       | |  1.7
Dodging        | |  2.4

Action                   |  1- 3 |  4- 6 |  7- 9 | 10-12 || total
-------------------------+-------+-------+-------+-------++-------
Melee: Flail             |   113 |   247 |   250 |       ||   610
       Morningstar       |       |       |   186 |   585 ||   771
Throw: Throwing net      |       |     3 |     4 |     1 ||     8
Invok: Stomp             |       |     2 |     7 |     4 ||    13
Evoke: Wand              |       |       |     2 |    10 ||    12
       Lamp of fire      |       |       |       |     1 ||     1
  Use: Scroll            |       |     6 |     8 |     8 ||    22
       Potion            |       |       |     1 |     1 ||     2
 Stab: Paralysed         |       |     2 |     8 |    17 ||    27
       Held in net/web   |       |       |       |     1 ||     1
  Eat: Chunk             |     1 |     5 |    13 |    15 ||    34
Armor: Ring mail         |    76 |    96 |   137 |       ||   309
       Plate armour      |       |       |    61 |   473 ||   534
Dodge: Dodged            |    69 |   124 |   170 |   231 ||   594
Block: Buckler           |       |    47 |   102 |   185 ||   334
